 Dungeon Crawl Stone Soup version 0.19-a0-1815-g4007336 (webtiles) character file.

5 GameOver the Caller (level 1, -1/15 HPs)
             Began as a Naga Summoner on Oct 5, 2016.
             Slain by a jackal (2 damage)
             ... on level 1 of the Dungeon.
             The game lasted 00:01:02 (295 turns).

GameOver the Caller (Naga Summoner)                  Turns: 295, Time: 00:01:02

Health: -1/15      AC:  1    Str: 10    XL:     1   Next: 80%
Magic:  1/3        EV: 10    Int: 15    God:
Gold:   48         SH:  0    Dex: 11    Spells: 1 memorised, 3 levels left

rFire  . . .     SeeInvis +     f - +0 spear
rCold  . . .     Gourm    .     a - +0 robe
rNeg   . . .     Faith    .     (no shield)
rPois  +         Spirit   .     (no helmet)
rElec  .         Dismiss  .     (no cloak)
rCorr  .         Reflect  .     (no gloves)
MR     .....     Harm     .     (no barding)
Stlth  ++........               (no amulet)
                                (no ring)
                                (no ring)

@: very slow
A: see invisible, deformed body, poison resistance, slowness 2, slow metabolism
1, spit poison 1, AC +0
a: Spit Poison


You were on level 1 of the Dungeon.
You were not hungry.

You visited 1 branch of the dungeon, and saw 1 of its levels.

You collected 48 gold pieces.

Inventory:

Hand Weapons
 f - a +0 spear (weapon)
Missiles
 d - 18 stones (quivered)
Armour
 a - a +0 robe (worn)
Scrolls
 e - a scroll of noise {unknown}
Books
 b - a book of Callings

   Spells                             Type                      Level
   a - Summon Small Mammal            Summoning                    1
   b - Call Imp                       Summoning                    2
   c - Call Canine Familiar           Summoning                    3
   d - Summon Guardian Golem          Hexes/Summoning              3
   e - Summon Lightning Spire         Summoning/Air                4
   f - Summon Ice Beast               Ice/Summoning                4
Comestibles
 c - 2 bread rations


   Skills:
 - Level 1.5 Dodging
 - Level 3.0 Stealth
 - Level 2.0 Spellcasting
 + Level 4.3 Summonings


You had 3 spell levels left.
You knew the following spells:

 Your Spells              Type           Power        Failure   Level  Hunger
a - Summon Small Mammal   Summ           ##..         4%          1    #......


Dungeon Overview and Level Annotations

Branches:
Dungeon (1/15)

Altars:


Innate Abilities, Weirdness & Mutations

You cannot wear boots.
Your serpentine skin is tough. (AC +0)
You have supernaturally acute eyesight. (SInv)
Armour fits poorly on your strangely shaped body.
Your system is resistant to poisons. (rPois)
You cover ground very slowly.
You have a slow metabolism.
You can spit poison.


Message History

You have got your breath back.
Your quokka bites the leopard gecko.
The leopard gecko bites you.
Your rat completely misses the leopard gecko.
Your quokka bites the leopard gecko.
The leopard gecko bites you.
You barely miss the leopard gecko.
The leopard gecko is almost dead.
Your quokka closely misses the leopard gecko.
The leopard gecko bites you.
* * * LOW HITPOINT WARNING * * *
Your rat misses the leopard gecko.
Your quokka closely misses the leopard gecko.
The leopard gecko completely misses your rat.
Your rat misses the leopard gecko. The jackal bites you.
* * * LOW HITPOINT WARNING * * *
Your quokka misses the leopard gecko. The leopard gecko bites your rat.
Your rat dies!
Your rat's corpse disappears in a puff of smoke!
Your quokka misses the leopard gecko. The leopard gecko misses your quokka.
The jackal bites you.
You die...

##########..# #.##§≈
.........#..# #.##>§
########.#..####.##≈§
#.........#.......##§≈
#.#######.#.#####.####
#. #...........#[####
#.#####.#.#.###.#.....
#..§....#.#.# #.#.#...
#..§h@..#.... #.#.#...
#..lr...#....##.#.#...
#......##....##.#.#...
#......##....##.#.####
.......#.#####....##.#.#
..†..###.# #.#.####
..... ... ..... ....
##.#. .#### ... #.#lh


You could see a leopard gecko, a jackal and a friendly quokka.

Vanquished Creatures
  A giant cockroach (D:1)
  A jackal (D:1)
  A kobold (D:1)
  A bat (D:1)
  A frilled lizard (D:1)
5 creatures vanquished.

Vanquished Creatures (collateral kills)
  A goblin (D:1)
1 creature vanquished.

Grand Total: 6 creatures vanquished

Notes
Turn   | Place    | Note
-------+----------+-------------------------------------------
     0 | D:1      | GameOver the Naga Summoner began the quest for the Orb.
     0 | D:1      | Reached XP level 1. HP: 15/15 MP: 3/3
   295 | D:1      | Slain by a jackal

Vault maps used:
D:1:      grunt_arrival_lava_bath

Action                   || total
-------------------------++-------
Melee: Spear             ||     5
 Cast: Summon Small Mamm ||     3
 Abil: Spit Poison       ||     6
Armor: Robe              ||     1
Dodge: Dodged            ||     1
